 Dungeon Crawl Stone Soup version 0.20.1-1-g8b1a95d (webtiles) character file.

709 Irenicus the Grappler (level 7, -5/66 HPs)
             Began as a Troll Chaos Knight on Oct 8, 2017.
             Slain by an iron imp (11 damage)
             ... summoned by Xom
             ... on level 4 of the Dungeon.
             The game lasted 00:06:21 (2435 turns).

Irenicus the Grappler (Troll Chaos Knight)          Turns: 2435, Time: 00:06:21

Health: -5/66      AC: -1    Str: 21    XL:     7   Next: 40%
Magic:  6/6        EV: 10    Int: 13    God:    Xom [......]
Gold:   156        SH:  0    Dex: 11    Spells: 6/6 levels left

rFire    . . .     SeeInvis .     - Unarmed
rCold    . . .     Gourm    +   (no shield)
rNeg     . . .     Faith    .   a - +2 robe
rPois    .         Spirit   .   (helmet restricted)
rElec    .         Reflect  .   (no cloak)
rCorr    .         Harm     .   (gloves unavailable)
MR       .....                  (boots unavailable)
Stlth    +.........             (no amulet)
Regen    0.7/turn               (no ring)
MPRegen  0.1/turn               (no ring)

@: brilliant, corroded
A: unfitting armour, claws 3, fast metabolism 3, gourmand, regeneration 1,
shaggy fur 1, tough skin 2
a: Renounce Religion


You were on level 4 of the Dungeon.
You worshipped Xom.
You were a very special plaything of Xom.
You were completely stuffed.

You visited 1 branch of the dungeon, and saw 4 of its levels.

You collected 156 gold pieces.

Inventory:

Armour
 a - a +2 robe (worn)
Jewellery
 o - a +3 ring of intelligence {unknown}
Scrolls
 c - 3 scrolls of identify {unknown}
 e - 2 scrolls of immolation {unknown}
 f - 2 scrolls of recharging {unknown}
 k - 3 scrolls of remove curse {unknown}
 l - a scroll of amnesia {unknown}
 m - a scroll of fear {unknown}
 n - a scroll of teleportation {unknown}
 p - 2 scrolls of enchant weapon {unknown}
Potions
 d - 2 potions of magic {unknown}
 g - 2 potions of brilliance
 h - a potion of resistance {unknown}
 q - a potion of berserk rage {unknown}
 s - 2 potions of heal wounds {unknown}
Comestibles
 b - 5 bread rations
 i - 8 fruits
 j - 3 meat rations


   Skills:
 - Level 2.4 Fighting
 - Level 2.0 Dodging
 + Level 8.8 Unarmed Combat


You had 6 spell levels left.
You didn't know any spells.

Dungeon Overview and Level Annotations

Branches:
Dungeon (4/15)
 Temple: D:4-7

Altars:


Innate Abilities, Weirdness & Mutations

You are too large for most types of armour.
You have claws for hands.
Your metabolism is lightning-fast.
You like to eat raw meat.
Your natural rate of healing is unusually fast.
You are covered in fur. (AC +1)
You have very tough skin. (AC +2)


Message History

You closely miss Grinder.
Grinder is almost dead.
Xom's power touches on you for a moment.
Strange energies run through your body. The rust devil hits you!
The rust devil corrodes you!
The shadow imp hits you but does no damage.
Unknown command.
You claw Grinder!
You kill Grinder!
You hear a splash.
You have reached level 7!
The rust devil hits you! The rust devil corrodes you! The iron imp hits you!
* * * LOW HITPOINT WARNING * * *
The shadow imp hits you.
* * * LOW HITPOINT WARNING * * *
It was a potion of brilliance.
You feel more clever all of a sudden. The rust devil barely misses you.
The shadow imp completely misses you. The iron imp hits you!
You die...

... ? ..# .. #. #.#
.#.###( #. #.# .#.... #.
#.# ..#.# #. #.# ##.#.#
#.###.####....#
#.#.....#...o.#
#.#.###.....!#########
#.(.# #.#..≈4@5s≈≈≈.≈#
###.###.##.#≈5≈≈≈≈≈≈≈≈
######.....############..
.........###
.............
############# # # ##


You could see a rust devil, an iron imp, a shadow imp, an orc and a giant
cockroach.

Vanquished Creatures
  Grinder (D:4)
  2 ogres (D:4)
  A howler monkey (D:3)
  2 orc wizards (D:4)
  2 iguanas
  A worker ant (D:4)
  Robin (D:4)
  6 adders
  An ooze (D:3)
  2 worms
  2 dart slugs
  3 leopard geckos
  4 orcs
  7 bats
  4 giant cockroaches
  11 goblins
  11 hobgoblins
  5 jackals (D:3)
  12 kobolds
  A quokka (D:3)
  3 ball pythons
  4 frilled lizards
  A jackal skeleton (D:4)
  16 rats
103 creatures vanquished.

Notes
Turn   | Place    | Note
-------+----------+-------------------------------------------
     0 | D:1      | Irenicus the Troll Chaos Knight began the quest for the Orb.
     0 | D:1      | Reached XP level 1. HP: 22/22 MP: 0/0
   216 | D:1      | Reached XP level 2. HP: 29/29 MP: 1/1
   286 | D:1      | XOM: divination: detect items
   492 | D:1      | XOM: potion effect (invisibility)
   706 | D:1      | Reached skill level 4 in Unarmed Combat
   789 | D:1      | Reached XP level 3. HP: 36/36 MP: 2/2
   991 | D:2      | XOM: noise
   997 | D:2      | XOM: mild Tloc miscast
  1000 | D:2      | XOM: harmless Air miscast
  1256 | D:2      | XOM is BORED!
  1293 | D:2      | XOM: medium Conj miscast
  1344 | D:2      | Reached skill level 5 in Unarmed Combat
  1344 | D:2      | Reached XP level 4. HP: 42/44 MP: 3/3
  1736 | D:3      | XOM: harmless Air miscast
  1737 | D:3      | Reached XP level 5. HP: 47/50 MP: 4/4
  1750 | D:3      | Reached skill level 6 in Unarmed Combat
  2153 | D:4      | Noticed Robin
  2166 | D:4      | Killed Robin
  2280 | D:4      | Reached XP level 6. HP: 59/59 MP: 5/5
  2299 | D:4      | XOM: 2-stop teleportation journey
  2306 | D:4      | Reached skill level 7 in Unarmed Combat
  2403 | D:4      | Reached skill level 8 in Unarmed Combat
  2423 | D:4      | Noticed Grinder
  2427 | D:4      | XOM: potion effect (brilliance)
  2429 | D:4      | XOM: summons 3 hostile demons
  2430 | D:4      | Noticed a rust devil
  2433 | D:4      | XOM: harmless Tloc miscast
  2434 | D:4      | Killed Grinder
  2434 | D:4      | Reached XP level 7. HP: 30/66 MP: 6/6
  2435 | D:4      | Slain by an iron imp

Skill      XL: |  1  2  3  4  5  6 |
---------------+-------------------+-----
Dodging        | 2 |  2.0
Unarmed Combat | 4 5 6 8 |  8.8
Fighting       | |  2.4

Action                   |  1- 3 |  4- 6 |  7- 9 || total
-------------------------+-------+-------+-------++-------
Melee: Unarmed           |   130 |   148 |       ||   278
       Punch             |     2 |     1 |       ||     3
  Use: Potion            |       |       |     1 ||     1
 Stab: Sleeping          |     2 |       |       ||     2
  Eat: Chunk             |    14 |    14 |       ||    28
Armor: Robe              |    68 |    42 |       ||   110
Dodge: Dodged            |    74 |    64 |     2 ||   140
